 Dungeon Crawl Stone Soup version 0.25-a0-426-g7d9e569eea (webtiles) character file.

Game seed: 11071973745295222055, levelgen mode: deterministic

7245 BeastOfSaturn the Magician (level 11, -7/77 (81) HPs)
             Began as a Gnoll Venom Mage on Jan 24, 2020.
             Was a Believer of Nemelex Xobeh.
             Mangled by a cyan ugly thing (10 damage)
             ... on level 10 of the Dungeon on Jan 25, 2020.
             The game lasted 00:49:20 (13466 turns).

BeastOfSaturn the Magician (Gnoll Venom Mage)      Turns: 13466, Time: 00:49:20

HP:   -7/77 (81)    AC:  6    Str: 14    XL:     11   Next: 12%
MP:   26/31         EV: 15    Int: 18    God:    Nemelex Xobeh [**....]
Gold: 479           SH:  5    Dex: 15    Spells: 4/25 levels left

rFire    . . .     SeeInvis .   F - +3 falchion (freeze)
rCold    . . .     Gourm    .   q - +0 buckler
rNeg     . . .     Faith    .   d - +0 ring mail
rPois    .         Spirit   .   (no helmet)
rElec    .         Reflect  .   (no cloak)
rCorr    +         Harm     .   (no gloves)
MR       .....                  (no boots)
Stlth    +++.......             u - amulet of the acrobat
HPRegen  0.22/turn              r - ring of resist corrosion
MPRegen  0.22/turn              H - ring of magical power

@: no status effects
A: distributed training, fangs 1, strong nose
a: Draw Escape, Draw Destruction, Draw Summoning, Renounce Religion


You were on level 10 of the Dungeon.
You worshipped Nemelex Xobeh.
Nemelex Xobeh was pleased with you.
You were not hungry.

You visited 2 branches of the dungeon, and saw 11 of its levels.

You collected 479 gold pieces.

Inventory:

Hand Weapons
 a - a +0 battleaxe of flaming
 F - a +3 falchion of freezing (weapon)
Missiles
 D - 3 silver javelins (quivered)
Armour
 d - a +0 ring mail (worn)
 q - a +0 buckler (worn)
Jewellery
 r - a ring of resist corrosion (left hand)
 u - an amulet of the acrobat (around neck)
 C - an uncursed ring of flight
 H - a ring of magical power (right hand)
 M - an uncursed ring of teleportation
Wands
 b - a wand of enslavement (7)
 I - a wand of acid (6)
 K - a wand of flame (12)
 L - a wand of disintegration (20)
Scrolls
 e - 8 scrolls of teleportation
 i - a scroll of remove curse
 j - 2 scrolls of fear {unknown}
 k - 2 scrolls of identify
 l - 3 scrolls of amnesia {unknown}
 n - 4 scrolls of enchant weapon {unknown}
 p - a scroll of immolation {unknown}
 w - 3 scrolls of blinking {unknown}
 B - a scroll of holy word {unknown}
 J - a scroll of fog {unknown}
Potions
 f - 2 potions of resistance {unknown}
 g - 6 potions of curing
 h - 2 potions of brilliance
 m - 3 potions of agility
 o - 5 potions of might
 z - 3 potions of degeneration {unknown}
 E - a potion of ambrosia {unknown}
 G - a potion of magic {unknown}
Comestibles
 c - 10 rations


   Skills:
 + Level 5.9 Fighting
 + Level 5.9 Short Blades
 + Level 5.9 Long Blades
 + Level 5.9 Axes
 + Level 5.9 Maces & Flails
 + Level 5.9 Polearms
 + Level 5.9 Staves
 + Level 5.9 Slings
 + Level 5.9 Bows
 + Level 5.9 Crossbows
 + Level 5.9 Throwing
 + Level 5.9 Armour
 + Level 7.5 Dodging
 + Level 7.3 Stealth
 + Level 5.9 Shields
 + Level 5.9 Unarmed Combat
 + Level 7.8 Spellcasting
 + Level 4.8 Conjurations
 + Level 4.8 Hexes
 + Level 4.8 Charms
 + Level 4.8 Summonings
 + Level 4.8 Necromancy
 + Level 4.8 Translocations
 + Level 5.3 Transmutations
 + Level 4.8 Fire Magic
 + Level 4.8 Ice Magic
 + Level 4.8 Air Magic
 + Level 4.8 Earth Magic
 + Level 7.4 Poison Magic
 + Level 6.4 Invocations
 + Level 5.9 Evocations


You had 4 spell levels left.
You knew the following spells:

 Your Spells              Type           Power        Failure   Level  Hunger
a - Sting                 Tmut/Pois      ####         1%          1    None
b - Poisonous Vapours     Pois/Air       ####..       2%          2    None
c - Mephitic Cloud        Conj/Pois/Air  ####....     5%          3    #......
d - Olgreb's Toxic Radia  Pois           ####....     9%          4    ###....
e - Magic Dart            Conj           ###.         2%          1    None
f - Blink                 Tloc           N/A          3%          2    None
g - Slow                  Hex            ###.....     3%          2    None
h - Conjure Flame         Conj/Fire      ###.....     8%          3    #......
i - Spider Form           Tmut/Pois      ####......   4%          3    #......

Your spell library contained the following spells:

 Spells                   Type           Power        Failure   Level  Hunger
 Beastly Appendage        Tmut           ####..       1%          1    None
 Call Imp                 Summ           ###.....     3%          2    None
 Sticks to Snakes         Tmut           ####....     3%          2    None
 Ignite Poison            Fire/Tmut/Pois ####....     4%          3    #......
 Ice Form                 Ice/Tmut       ####....     22%         4    ###....
 Blade Hands              Tmut           ####......   50%         5    #####..


Dungeon Overview and Level Annotations

Branches:
Dungeon (10/15)            Temple (1/1) D:7
   Lair: D:8-11         Orc: D:9-12

Altars:
Ashenzari
Cheibriados
Dithmenos
Elyvilon
Fedhas
Gozag
Hepliaklqana
Kikubaaqudgha
Makhleb
Nemelex Xobeh
Okawaru
Qazlal
Ru
Sif Muna
Trog
Uskayaw
Vehumet
Wu Jian
Xom
Yredelemnul
Zin
The Shining One

Shops:
D:4 }   D:6 *   D:7 (

Annotations:
D:9 2 transporters, LSt's ghost, novice OpTm


Innate Abilities, Weirdness & Mutations

Your experience applies equally to all skills.
You have very sharp teeth.
Your uncanny sense of smell can sniff out nearby items.


Message History

The cyan ugly thing is moderately wounded.
The cyan ugly thing punches you. The cyan ugly thing shocks you!
You hit the cyan ugly thing. You freeze the cyan ugly thing.
You bite the cyan ugly thing, but do no damage.
The cyan ugly thing is moderately wounded.
You block the cyan ugly thing's attack.
You hit the cyan ugly thing. You freeze the cyan ugly thing.
The cyan ugly thing is moderately wounded.
The cyan ugly thing punches you! The cyan ugly thing shocks you!
You hit the cyan ugly thing but do no damage.
Your bite misses the cyan ugly thing.
The cyan ugly thing is moderately wounded.
The cyan ugly thing punches you!
* * * LOW HITPOINT WARNING * * *
The cyan ugly thing shocks you!
* * * LOW HITPOINT WARNING * * *
You draw a card...
You have drawn Velocity.
Nothing appears to happen.
The cyan ugly thing punches you!
You die...
Your body glows slightly and disappears.

...#####..###### ..#
#.......# .
#..#####.#### #.##
#....####### #.
####.......# #.
#####...# # ..
#######...#
#..#########.........#
#(..u@.....#####...#
...†.†########## #...#
..... #...# .... #####
... .. .


You could see a cyan ugly thing.

Vanquished Creatures
  Harold (D:7)
  Pikel (D:7)
  Prince Ribbit (D:7)
  A hippogriff (D:7)
  Eustachio (D:3)
  A wyvern (D:9)
  6 yaks (D:9)
  A hungry ghost (D:9)
  Menkaure (D:7)
  An ice beast (D:10)
  2 sky beasts
  4 slaves (D:7)
  2 necrophages (D:7)
  2 phantoms
  3 black bears
  3 ogres
  4 centaurs
  2 big kobolds
  8 bullfrogs
  9 scorpions
  A troll zombie (D:7)
  10 killer bees
  3 wights
  3 howler monkeys
  A crimson imp (D:6)
  8 hounds
  4 human zombies (D:7)
  A centaur skeleton (D:7)
  5 orc priests
  An orc wizard (D:4)
  A bullfrog skeleton (D:8)
  A human skeleton (D:7)
  An iguana (D:4)
  2 worker ants (D:5)
  A killer bee zombie (D:5)
  2 mummies (D:7)
  A hound skeleton (D:5)
  5 gnolls
  8 adders
  2 shadow imps
  An adder skeleton (D:4)
  2 adder zombies
  6 worms
  5 leopard geckos
  23 orcs
  A ball python (D:4)
  4 giant cockroaches
  7 goblins
  6 hobgoblins (D:1)
  9 kobolds
  5 quokkas
  10 bats
  A frilled lizard (D:2)
  A leopard gecko skeleton (D:2)
  8 rats
  A toadstool (D:1)
205 creatures vanquished.

Vanquished Creatures (others)
  4 toadstools (D:1)
4 creatures vanquished.

Grand Total: 209 creatures vanquished

Notes
Turn   | Place    | Note
-------+----------+-------------------------------------------
     0 | D:1      | BeastOfSaturn the Gnoll Venom Mage began the quest for the
                  | Orb.
     0 | D:1      | Reached XP level 1. HP: 13/13 MP: 6/6
    28 | D:1      | Reached XP level 2. HP: 20/20 MP: 1/7
   149 | D:1      | Learned a level 2 spell: Poisonous Vapours
   190 | D:1      | Reached XP level 3. HP: 25/25 MP: 5/9
   257 | D:1      | Learned a level 3 spell: Mephitic Cloud
   276 | D:1      | Reached skill level 5 in Spellcasting
   530 | D:1      | Reached skill level 1 in Invocations
   840 | D:2      | Found a hide-covered altar of Uskayaw.
   840 | D:2      | Noticed a +0 dagger
   840 | D:2      | Noticed a +0 dagger
  1111 | D:2      | Reached skill level 1 in Fighting
  1111 | D:2      | Reached skill level 1 in Short Blades
  1111 | D:2      | Reached skill level 1 in Long Blades
  1111 | D:2      | Reached skill level 1 in Axes
  1111 | D:2      | Reached skill level 1 in Maces & Flails
  1111 | D:2      | Reached skill level 1 in Polearms
  1111 | D:2      | Reached skill level 1 in Staves
  1111 | D:2      | Reached skill level 1 in Slings
  1111 | D:2      | Reached skill level 1 in Bows
  1111 | D:2      | Reached skill level 1 in Crossbows
  1111 | D:2      | Reached skill level 1 in Throwing
  1111 | D:2      | Reached skill level 1 in Armour
  1111 | D:2      | Reached skill level 1 in Shields
  1111 | D:2      | Reached skill level 1 in Unarmed Combat
  1111 | D:2      | Reached skill level 1 in Evocations
  1111 | D:2      | Reached XP level 4. HP: 32/32 MP: 3/11
  1122 | D:2      | Learned a level 4 spell: Olgreb's Toxic Radiance
  1803 | D:2      | Found a faded altar of an unknown god.
  2065 | D:3      | Noticed a bullfrog
  2081 | D:3      | Killed a bullfrog
  2081 | D:3      | Reached skill level 1 in Conjurations
  2081 | D:3      | Reached skill level 1 in Hexes
  2081 | D:3      | Reached skill level 1 in Charms
  2081 | D:3      | Reached skill level 1 in Summonings
  2081 | D:3      | Reached skill level 1 in Necromancy
  2081 | D:3      | Reached skill level 1 in Translocations
  2081 | D:3      | Reached skill level 1 in Fire Magic
  2081 | D:3      | Reached skill level 1 in Ice Magic
  2081 | D:3      | Reached skill level 1 in Air Magic
  2081 | D:3      | Reached skill level 1 in Earth Magic
  2081 | D:3      | Reached XP level 5. HP: 17/37 MP: 9/12
  2487 | D:3      | Found a sacrificial altar of Ru.
  2980 | D:4      | Noticed Eustachio
  3348 | D:3      | Killed Eustachio
  3348 | D:3      | Reached skill level 5 in Dodging
  3348 | D:3      | Reached XP level 6. HP: 17/44 MP: 0/14
  3719 | D:4      | Found Guergh's Gadget Boutique.
  3796 | D:4      | HP: 2/44 [wight/cursed +4 trident (5)]
  4158 | D:4      | Noticed a sky beast
  4169 | D:4      | HP: 2/44 [something (5)]
  4171 | D:4      | Killed a sky beast
  4171 | D:4      | Reached XP level 7. HP: 3/50 MP: 8/15
  5290 | D:4      | Reached skill level 5 in Stealth
  5660 | D:5      | Entered Level 5 of the Dungeon
  5676 | D:5      | Reached XP level 8. HP: 42/57 MP: 16/16
  6442 | D:5      | Found a burning altar of Makhleb.
  6523 | D:5      | Found a shimmering blue altar of Sif Muna.
  6647 | D:6      | Found Soji Kann's Assorted Antiques.
  6794 | D:6      | Found a glowing silver altar of Zin.
  6871 | D:6      | Reached XP level 9. HP: 43/65 MP: 15/18
  7755 | D:7      | Noticed Pikel
  7762 | D:7      | Killed Pikel
  8018 | D:7      | Learned a level 1 spell: Magic Dart
  8021 | D:7      | Learned a level 2 spell: Blink
  8024 | D:7      | Learned a level 2 spell: Slow
  8028 | D:7      | Learned a level 3 spell: Conjure Flame
  8059 | D:7      | Found Ameceit's Weapon Emporium.
  8309 | D:7      | Noticed Prince Ribbit
  8328 | D:7      | Killed Prince Ribbit
  8328 | D:7      | Reached skill level 5 in Invocations
  8498 | D:7      | Noticed Menkaure
  8878 | D:6      | Upgraded the game from 0.25-a0-425-g0e000e855e to
                  | 0.25-a0-426-g7d9e569eea
  9264 | D:7      | Learned a level 3 spell: Spider Form
  9339 | D:7      | Found an ancient bone altar of Kikubaaqudgha.
  9346 | D:7      | Reached XP level 10. HP: 66/71 MP: 20/20
  9588 | D:7      | Noticed Harold
  9605 | D:7      | Killed Harold
  9605 | D:7      | Reached skill level 5 in Fighting
  9605 | D:7      | Reached skill level 5 in Short Blades
  9605 | D:7      | Reached skill level 5 in Long Blades
  9605 | D:7      | Reached skill level 5 in Axes
  9605 | D:7      | Reached skill level 5 in Maces & Flails
  9605 | D:7      | Reached skill level 5 in Polearms
  9605 | D:7      | Reached skill level 5 in Staves
  9605 | D:7      | Reached skill level 5 in Slings
  9605 | D:7      | Reached skill level 5 in Bows
  9605 | D:7      | Reached skill level 5 in Crossbows
  9605 | D:7      | Reached skill level 5 in Throwing
  9605 | D:7      | Reached skill level 5 in Armour
  9605 | D:7      | Reached skill level 5 in Shields
  9605 | D:7      | Reached skill level 5 in Unarmed Combat
  9605 | D:7      | Reached skill level 5 in Evocations
  9676 | D:7      | Killed Menkaure
  9914 | D:7      | Found a staircase to the Ecumenical Temple.
  9923 | Temple   | Entered the Ecumenical Temple
 10238 | Temple   | Became a worshipper of Nemelex Xobeh the Trickster
 10666 | D:8      | Received a gift from Nemelex Xobeh
 11192 | D:8      | Reached skill level 5 in Transmutations
 11542 | D:9      | Reached * piety under Nemelex Xobeh
 11551 | D:9      | Received a gift from Nemelex Xobeh
 11604 | D:9      | Noticed a two-headed ogre
 11604 | D:9      | Noticed a two-headed ogre
 11605 | D:9      | Found a transporter.
 11605 | D:9      | Noticed LSt's ghost (novice OpTm)
 11607 | D:9      | Identified the +2 dire flail of Corruption {flame, Dex+8}
 11607 | D:9      | Identified the +2 great mace "Gitewigg" {speed, Str+8 Dex-4
                  | Stlth+}
 11607 | D:9      | Noticed a two-headed ogre
 11631 | D:9      | Found a transporter.
 11970 | D:9      | Reached XP level 11. HP: 53/77 MP: 22/22
 12372 | D:9      | Found a bloodstained altar of Trog.
 12615 | D:9      | Received a gift from Nemelex Xobeh
 12793 | D:9      | Reached ** piety under Nemelex Xobeh
 12937 | D:9      | Received a gift from Nemelex Xobeh
 13200 | D:10     | Entered Level 10 of the Dungeon
 13452 | D:10     | Noticed a cyan ugly thing
 13465 | D:10     | HP: 3/77 [cyan ugly thing (17)]
 13466 | D:10     | Mangled by a cyan ugly thing

Levels and vault maps discovered:
D:1:      ldierk_walled_garden, layout_basic
D:2:      layout_basic, dancing_weapons_uskayaw, first_ration,
          chequers_ecumenical_altar_lobes
D:3:      layout_loops_cross, nicolae_overflow_hidden_temple
D:4:      layout_loops_corners, serial_shops, kennysheep_mini_moat,
          uniq_eustachio
D:5:      layout_rooms, kennysheep_little_box, lemuel_blue_sif_altar
D:6:      layout_basic, zin_scriptorium, serial_shops, shop
D:7:      layout_loops_ring, minmay_temple_entry_antechambers, serial_shops,
          kennysheep_mini, minmay_statues_item,
          lemuel_mausoleum_altar_kikubaaqudgha, uniq_pikel, uniq_harold,
          uniq_menkaure, uniq_prince_ribbit1
D:8:      layout_loops_ring, blue_anna_alchemist [blue_anna_fruit_fields,
          blue_anna_fruit_fields]
D:9:      layout_layer_cave, trog_ov_bears_minmay, gammafunk_ghost_smash,
          mrwooster_statue_mirror
D:10:     layout_rooms, erik_orc_4
Temple:   minmay_temple_bridge_d

Skill      XL: |  1  2  3  4  5  6  7  8  9 10 |
---------------+-------------------------------+-----
Transmutations | 2 3 4 5 |  5.3
Spellcasting   | 5 6 7 |  7.8
Invocations    | 1 2 3 4 5 6 |  6.4
Fighting       | 1 2 3 4 5 |  5.9
Short Blades   | 1 2 3 4 5 |  5.9
Long Blades    | 1 2 3 4 5 |  5.9
Axes           | 1 2 3 4 5 |  5.9
Maces & Flails | 1 2 3 4 5 |  5.9
Polearms       | 1 2 3 4 5 |  5.9
Staves         | 1 2 3 4 5 |  5.9
Slings         | 1 2 3 4 5 |  5.9
Bows           | 1 2 3 4 5 |  5.9
Crossbows      | 1 2 3 4 5 |  5.9
Throwing       | 1 2 3 4 5 |  5.9
Armour         | 1 2 3 4 5 |  5.9
Shields        | 1 2 3 4 5 |  5.9
Unarmed Combat | 1 2 3 4 5 |  5.9
Evocations     | 1 2 3 4 5 |  5.9
Conjurations   | 1 2 3 4 |  4.8
Hexes          | 1 2 3 4 |  4.8
Charms         | 1 2 3 4 |  4.8
Summonings     | 1 2 3 4 |  4.8
Necromancy     | 1 2 3 4 |  4.8
Translocations | 1 2 3 4 |  4.8
Fire Magic     | 1 2 3 4 |  4.8
Ice Magic      | 1 2 3 4 |  4.8
Air Magic      | 1 2 3 4 |  4.8
Earth Magic    | 1 2 3 4 |  4.8
Dodging        | 5 6 7 |  7.5
Stealth        | 5 6 7 |  7.3
Poison Magic   | 6 7 |  7.4

Action                   |  1- 3 |  4- 6 |  7- 9 | 10-12 || total
-------------------------+-------+-------+-------+-------++-------
Melee: Whip              |    61 |    12 |   111 |   123 ||   307
       Bite              |     3 |     9 |    34 |    33 ||    79
       Punch             |     1 |       |       |       ||     1
       Hand axe          |       |   100 |    11 |       ||   111
       Flail             |       |       |   164 |       ||   164
       Unarmed           |       |       |    25 |    63 ||    88
       Falchion          |       |       |       |    51 ||    51
Throw: Javelin           |       |       |       |     3 ||     3
 Cast: Sting             |    15 |     5 |     6 |       ||    26
       Poisonous Vapours |    23 |    27 |    63 |    30 ||   143
       Olgreb's Toxic Ra |       |     1 |     6 |     9 ||    16
       Magic Dart        |       |       |    13 |       ||    13
       Conjure Flame     |       |       |     3 |     3 ||     6
       Spider Form       |       |       |     2 |     3 ||     5
       Blink             |       |       |       |     1 ||     1
 Abil: Draw Escape       |       |       |       |     1 ||     1
  Use: Scroll            |       |     4 |       |     4 ||     8
 Stab: Sleeping          |     2 |     1 |     1 |     1 ||     5
       Distracted        |       |       |     1 |       ||     1
  Eat: Ration            |     1 |     3 |     5 |     5 ||    14
       Chunk             |       |       |     1 |     1 ||     2
Armor: Ring mail         |    32 |    39 |    56 |    28 ||   155
       Robe              |     4 |       |       |       ||     4
Dodge: Dodged            |    66 |   115 |   207 |   151 ||   539
Block: Buckler           |       |    28 |    68 |    43 ||   139
       Rpst.: Falchion   |       |       |       |    11 ||    11

Table legend:
 A = Non-vault XP
 B = Vault XP
 C = Vault XP percentage of total XP
 D = Non-vault monster count
 E = Vault monster count
 F = Vault count percentage of total count
                 A         B        C        D         E       F
            +---------+---------+-------+---------+---------+-------
      Total |    7071 |    3280 |  31.7 |     181 |      19 |   9.5
            +---------+---------+-------+---------+---------+-------
        D:1 |      58 |       0 |   0.0 |      24 |       0 |   0.0
        D:2 |      49 |       0 |   0.0 |      18 |       0 |   0.0
        D:3 |     114 |     203 |  64.0 |      13 |       1 |   7.1
        D:4 |     751 |       0 |   0.0 |      25 |       0 |   0.0
        D:5 |     640 |       0 |   0.0 |      16 |       0 |   0.0
        D:6 |     882 |       0 |   0.0 |      18 |       0 |   0.0
        D:7 |     712 |    2732 |  79.3 |      22 |      15 |  40.5
        D:8 |    1279 |      95 |   6.9 |      22 |       1 |   4.3
        D:9 |    1720 |     250 |  12.7 |      11 |       2 |  15.4
       D:10 |     866 |       0 |   0.0 |      12 |       0 |   0.0
            +---------+---------+-------+---------+---------+-------
